 Dungeon Crawl Stone Soup version 0.20-a0-550-gf70bbbc (webtiles) character file.

3611 Amnesiac the Spear-Bearer (level 9, 0/61 HPs)
             Began as a Mummy Skald on Feb 3, 2017.
             Was an Initiate of Gozag.
             Slain by a manticore (16 damage)
             ... on level 7 of the Dungeon.
             The game lasted 00:16:48 (9041 turns).

Amnesiac the Spear-Bearer (Mummy Skald)             Turns: 9041, Time: 00:16:49

Health: 0/61       AC: 15    Str: 15    XL:     9   Next: 86%
Magic:  8/15       EV: 11    Int: 12    God:    Gozag
Gold:   990        SH:  0    Dex: 14    Spells: 10/16 levels left

rFire    x . .     SeeInvis .   g - +2 trident (protect)
rCold    + . .     Gourm    .   f - +0 ring mail
rNeg     + + +     Faith    .   (no shield)
rPois    ∞         Spirit   .   i - +0 helmet
rElec    .         Reflect  .   (no cloak)
rCorr    .         Harm     .   (no gloves)
MR       +....                  e - +1 pair of boots
Stlth    +.........             (no amulet)
Regen    0.2/turn               (no ring)
                                m - ring of positive energy

@: barbed spikes, protection aura
A: no food or potions, fire vulnerability, cold resistance 1, negative energy
resistance 3, torment resistance, unbreathing
a: Potion Petition, Call Merchant, Bribe Branch, Renounce Religion


You were on level 7 of the Dungeon.
You worshipped Gozag.
Gozag was pleased with you.
You were not hungry.

You visited 2 branches of the dungeon, and saw 8 of its levels.

You collected 1024 gold pieces.
You paid 34 gold pieces to Gozag.

Inventory:

Hand Weapons
 g - a +2 trident of protection (weapon)
 q - a +0 spear of flaming
Missiles
 j - 2 throwing nets (quivered)
 o - 8 tomahawks of returning
Armour
 e - a +1 pair of boots (worn)
 f - a +0 ring mail (worn)
 i - a +0 helmet (worn)
Magical Staves
 h - an uncursed staff of wizardry
Jewellery
 m - a ring of positive energy (left hand)
 n - an uncursed amulet of guardian spirit {unknown}
Wands
 a - a wand of acid (6/15)
Scrolls
 b - 10 scrolls of identify {unknown}
 d - 2 scrolls of remove curse
 k - a scroll of silence {unknown}
 l - a scroll of recharging
 p - a scroll of blinking {unknown}
Books
 c - a book of Battle

   Spells                             Type                      Level
   a - Infusion                       Charms                       1
   b - Shroud of Golubria             Charms/Translocation         2
   c - Song of Slaying                Charms                       2
   d - Spectral Weapon                Hexes/Charms                 3
   e - Regeneration                   Charms/Necromancy            3
 r - a book of Debilitation

   Spells                             Type                      Level
   a - Corona                         Hexes                        1
   b - Slow                           Hexes                        2
   c - Gell's Gravitas                Hexes/Translocation          3
   d - Inner Flame                    Hexes/Fire                   3
   e - Cause Fear                     Hexes                        4
   f - Leda's Liquefaction            Hexes/Earth                  4


   Skills:
 - Level 2.0 Fighting
 + Level 10.6 Polearms
 - Level 0.7 Armour
 - Level 1.5 Dodging
 - Level 4.0 Spellcasting
 - Level 4.0 Hexes
 - Level 4.0 Charms


You had 10 spell levels left.
You knew the following spells:

 Your Spells              Type           Power        Failure   Level  Hunger
a - Infusion              Chrm           ##..         10%         1    N/A
b - Spectral Weapon       Hex/Chrm       ##......     24%         3    N/A
c - Slow                  Hex            ##......     14%         2    N/A

Dungeon Overview and Level Annotations

Branches:
Dungeon (7/15)             Temple (1/1) D:5

Altars:
Ashenzari
Cheibriados
Dithmenos
Elyvilon
Fedhas
Gozag
Hepliaklqana
Kikubaaqudgha
Makhleb
Nemelex Xobeh
Okawaru
Qazlal
Ru
Sif Muna
Trog
Uskayaw
Vehumet
Xom
Yredelemnul
Zin
The Shining One

Shops:
D:7 %


Innate Abilities, Weirdness & Mutations

You do not eat or drink.
Your flesh is vulnerable to fire.
You are immune to poison.
Your flesh is cold resistant. (rC+)
You are immune to negative energy. (rN+++)
You are immune to unholy pain and torment.
You can survive without breathing.


Message History

Your spectral weapon hits the manticore.
The manticore bites you but does no damage.
The manticore claws you but does no damage.
The manticore closely misses you.
You hit the manticore.
The manticore is severely wounded.
Your spectral weapon barely misses the manticore.
The manticore bites you but does no damage.
The manticore claws you! x2
* * * LOW HITPOINT WARNING * * *
You are too injured to fight recklessly!
You closely miss the manticore.
The manticore is severely wounded.
Your spectral weapon barely misses the manticore.
You hit the manticore but do no damage.
The manticore is severely wounded.
Your spectral weapon hits the manticore!
The manticore bites you!
You die...
Your body crumbles into a pile of gold.

........###.## #...# ###.#.#.#
...##<#..#...#####...####.......#
#..##H#.............[...........#
#.....#.......H................#.
#..####...#.....................#
..>.......##.#####...####.##...##
...####......# ##....# #.....##
#### ###.######H(.#.# ####...##
#.# ##.@....# ####.# #)#
#.......## #######. ###### #.#
##.......# #....... .....# #)#
##......####.###.#.
.###.####.######..###.......##.#.
.........!#........##.##.......#.
.###.######.####.........#.......
.###.# ####(####...#..####..#..#.
.....# #)..)...#...##.####.......


You could see a manticore and a friendly spectral trident of protection.

Vanquished Creatures
  2 rust devils (D:6)
  Menkaure (D:5)
  A water moccasin (D:5)
  2 ice beasts (D:5)
  A black bear (D:6)
  2 orc warriors (D:7)
  A phantom (D:6)
  3 centaurs
  An ogre (D:7)
  2 scorpions (D:5)
  6 killer bees (D:7)
  7 wights
  4 crimson imps
  2 bullfrog zombies
  A quasit (D:7)
  2 centaur zombies (D:5)
  4 orc priests
  A centaur skeleton (D:4)
  A hound (D:6)
  2 bullfrog skeletons (D:5)
  2 iguanas
  6 orc wizards
  7 worker ants
  A killer bee zombie (D:5)
  2 hound zombies (D:7)
  6 gnolls (D:6)
  4 adders
  A shadow imp (D:5)
  3 oozes
  2 worms
  A dart slug (D:1)
  A leopard gecko (D:7)
  30 orcs
  3 giant cockroaches
  7 goblins
  5 hobgoblins
  13 jackals
  3 quokkas
  A ball python (D:6)
  4 bats
  6 frilled lizards
  A jackal skeleton (D:4)
  6 kobolds
  5 rats
166 creatures vanquished.

Vanquished Creatures (others)
  7 spectral weapons
7 creatures vanquished.

Grand Total: 173 creatures vanquished

Notes
Turn   | Place    | Note
-------+----------+-------------------------------------------
     0 | D:1      | Amnesiac the Mummy Skald began the quest for the Orb.
     0 | D:1      | Reached XP level 1. HP: 16/16 MP: 4/4
    63 | D:1      | Reached skill level 2 in Polearms
   120 | D:1      | Reached XP level 2. HP: 17/22 MP: 5/5
   638 | D:4      | Noticed a black bear
   760 | D:3      | Reached XP level 3. HP: 16/27 MP: 7/7
   932 | D:3      | Reached skill level 3 in Polearms
  1132 | D:4      | Learned a level 3 spell: Spectral Weapon
  1258 | D:4      | Reached skill level 1 in Hexes
  1619 | D:4      | Reached XP level 4. HP: 33/33 MP: 4/8
  1907 | D:5      | Entered Level 5 of the Dungeon
  2026 | D:5      | Noticed an ice beast
  2036 | D:5      | Killed an ice beast
  2036 | D:5      | Reached XP level 5. HP: 18/38 MP: 6/9
  2290 | D:5      | Reached XP level 6. HP: 27/44 MP: 3/11
  2498 | D:5      | Noticed an ice beast
  2514 | D:5      | Killed an ice beast
  2657 | D:5      | Found a staircase to the Ecumenical Temple.
  2666 | Temple   | Entered the Ecumenical Temple
  2751 | Temple   | Became a worshipper of Gozag Ym Sagoz the Greedy
  4365 | D:3      | Found a blossoming altar of Fedhas.
  4594 | D:4      | Reached XP level 7. HP: 18/50 MP: 7/13
  5301 | D:4      | Found a snail-covered altar of Cheibriados.
  5373 | D:4      | Reached skill level 4 in Polearms
  5534 | D:5      | Noticed Menkaure
  6030 | D:5      | Killed Menkaure
  6030 | D:5      | Reached skill level 5 in Polearms
  6229 | D:5      | Reached XP level 8. HP: 56/56 MP: 14/14
  6564 | D:5      | Reached skill level 6 in Polearms
  7074 | D:6      | Reached skill level 7 in Polearms
  7519 | D:6      | Reached skill level 8 in Polearms
  7727 | D:7      | Reached XP level 9. HP: 60/61 MP: 11/15
  7855 | D:7      | Found Siustyxkie's Food Boutique.
  7881 | D:6      | Noticed a rust devil
  7881 | D:6      | Noticed a rust devil
  8204 | D:7      | Reached skill level 9 in Polearms
  8276 | D:7      | Noticed a manticore
  8684 | D:6      | Killed a rust devil
  8684 | D:6      | Reached skill level 10 in Polearms
  8831 | D:6      | Learned a level 2 spell: Slow
  8843 | D:6      | Killed a rust devil
  9041 | D:7      | Slain by a manticore

Vault maps used:
D:1:      sevenhm_arrival_forest_fort_large_4
D:2:      minmay_misc_feat_roman
D:3:      fedhas_altar_2
D:4:      first_bread, minmay_crystal_water, cheibriados_altar_1
D:5:      minmay_temple_entry_purple_smoke, uniq_menkaure
D:6:      cheibrodos_iron_armory
D:7:      serial_shops, shop, grunt_livestock
Temple:   compressed_dpeg_circular_temple

Skill      XL: |  1  2  3  4  5  6  7  8  9 |
---------------+----------------------------+-----
Polearms       | 2 3 5 8 10 | 10.6
Hexes          | 1 3 4 |  4.0
Spellcasting   | 3 4 |  4.0
Charms         | 4 |  4.0
Fighting       | |  2.0
Armour         | |  0.7
Dodging        | |  1.5

Action                   |  1- 3 |  4- 6 |  7- 9 || total
-------------------------+-------+-------+-------++-------
Melee: Spear             |   170 |   230 |   123 ||   523
       Trident           |       |       |   303 ||   303
 Cast: Spectral Weapon   |     1 |     9 |    45 ||    55
       Slow              |       |       |     3 ||     3
  Use: Scroll            |       |       |     6 ||     6
 Stab: Distracted        |       |     3 |       ||     3
Armor: Leather armour    |    12 |       |       ||    12
       Ring mail         |    41 |    82 |   145 ||   268
Dodge: Dodged            |    78 |    94 |   167 ||   339
